Unix NetHack Version 5.0.0-0 post-release - last build Jun 10 2026 00:39:30 (3ee93aec679c4c4259841fe613dc97188e26a321,branch:main).

Game began 2026-06-25 13:23:49, ended 2026-06-26 17:48:28.

Barrb, neutral female human Barbarian

                      ---              ----
             ------- --.---          ---..--
            --.|.|.---....--------  --.%...----- ---
            |.................--.---|..|.......--..---
            |..................).).||[---............|
            --.|..........|........--.| |............|
             -----.---..).|--....|....| ---....--- ..-
                 --- |..|)|----.-|.----  --....|     ..
                     ---|.|.....--.|     |...---
     --            ---- |...----...|     --..-----
     |.            |..| --)--   .---      --.......-
    --.-       -----..----.|               |-..-----
   --...--------..........`|               -......--         ..
 ---...........*<-....`---..              |..----..|    ---#.-
 |..........-.......--..| ....            -.-   --.--  -?....----
 |...............------.| -...-           .      |..---.........|
 |.......%.......|    ---  ..--                  --*.f@.%...-
 --..............|         ---                    ----- ...........|
  --...........---                                     ....----- ---
   -------------                                        ..--
                                                        ---
Barrb the Pillager         St:18/03 Dx:17 Co:18 In:7 Wi:7 Ch:7  Neutral
Dlvl:4  $:742 HP:0(55) Pw:18(18) AC:3  Xp:5 T:5654  FoodPois Burdened

Latest messages:
 What do you want to use or apply? [bnBDKMPS or ?*] D
 You now wield a pick-axe.
 In what direction do you want to dig? [489321>] 4
 You start hitting the boulder.
 You hit the boulder with all your might.
 The boulder falls apart.
 What do you want to wield? [- abdlAD or ?*] b
 b - a +0 axe (weapon in right hand).
 You stop.  Your large cat is in the way!
 You stop.  Your large cat is in the way!
 You swap places with your large cat.
 Really step onto that rolling boulder trap? [yn] (n) y
 There are several objects here.
 Click!  You trigger a rolling boulder trap!
 No boulder was released.
 You have a little trouble lifting U - a dwarvish mithril-coat.
 There is a dwarf corpse here; eat it? [ynq] (n) y
 Ulch - that meat was tainted!
 You feel deathly sick.
 (It must have died too long ago to be safe to eat.)
 Are you sure you want to pray? [yn] (n) y
 You begin praying to Crom.
 You finish your prayer.
 The voice of Crom booms out: 
 "Thou art arrogant, mortal."
 "Thou must relearn thy lessons!"
 You feel foolish!
 Goodbye level 6.
 What do you want to drink? [hixEGHO or ?*] E
 You feel full of dread.
 Call a clear potion: 
 What do you want to drink? [hixGHO or ?*] G
 This tastes like water.
 What do you want to drink? [hixHO or ?*] h
 You feel better.
 What do you want to drink? [hixHO or ?*] h
 You feel better.
 Your sickness feels worse.
 What do you want to drink? [ixHO or ?*] H
 As you open the bottle, an enormous ghost emerges!
 You are frightened to death, and unable to move.
 Your sickness is severe.
 The large cat picks up a rock.
 You regain your composure.
 What do you want to drink? [ixO or ?*] x
 You suddenly fall asleep!
 You are at Death's door.
 Karnov's ghost touches you!
 You die from your illness.
 Do you want your possessions identified? [ynq] (y) q

Inventory:
 Coins    ('$')
  $ - 742 gold pieces
 Weapons  (')')
  a - 11 +0 arrows (alternate weapons; not wielded)
  l - 13 +1 darts
  A - 36 +0 darts (at the ready)
  b - a +0 axe (weapon in right hand)
  d - a +0 two-handed sword
 Armor    ('[')
  r - an uncursed +0 orcish helm (being worn)
  p - an uncursed +0 pair of leather gloves (being worn)
  o - a cursed +0 cloak of magic resistance
  q - an uncursed rotted +0 cloak of protection (being worn)
  U - an uncursed +0 dwarvish mithril-coat
  c - an uncursed +0 ring mail (being worn)
 Comestibles  ('%')
  T - an uncursed partly eaten food ration
  u - an uncursed tripe ration
 Scrolls  ('?')
  R - 2 blessed scrolls of blank paper
  Q - 2 uncursed scrolls of blank paper
  e - an uncursed scroll of confuse monster
  w - 2 cursed scrolls of confuse monster
  f - an uncursed scroll of create monster
  t - 2 uncursed scrolls of destroy armor
  z - a cursed scroll of enchant armor
  v - an uncursed scroll of enchant weapon
  s - a cursed scroll of gold detection
  F - 2 cursed scrolls of light
  g - an uncursed scroll of magic mapping
 Potions  ('!')
  O - a blessed potion of object detection
  i - a cursed potion of object detection
 Rings    ('=')
  m - an uncursed ring of free action
  L - a cursed ring of hunger
  J - a cursed +2 ring of increase damage
  k - an uncursed ring of slow digestion
  I - a cursed ring of sustain ability
 Wands    ('/')
  K - a cursed wand of light (0:10)
  P - a wand of sleep (0:7)
 Tools    ('(')
  S - an empty uncursed sack
  M - a cursed magic marker (0:19)
  n - a cursed oil lamp
  D - a +0 pick-axe
  B - a cursed tin whistle
 Gems/Stones  ('*')
  C - a cursed amethyst stone
  y - an uncursed worthless piece of black glass
  N - an uncursed worthless piece of green glass
  j - 2 uncursed worthless pieces of orange glass

Barrb the Barbarian's attributes:

Background:
 You were a Pillager, a level 5 female human Barbarian.
 You were neutral, on a mission for Crom
 who was opposed by Mitra (lawful) and Set (chaotic).
 You were right-handed.
 You were in the Gnomish Mines, on level 4.
 You entered the dungeon 5654 turns ago.
 You had 319 experience points, 1 more was needed to attain level 6.

Basics:
 You had 0 out of 55 hit points.
 You had all 18 energy points (spell power).
 Your armor class was 3.
 Your wallet contained 742 zorkmids.
 Autopickup was off.

Final Characteristics:
 Your strength was 18/03 (limit:18/100).
 Your dexterity was 17 (peak:18, limit:18).
 Your constitution was 18 (limit:18).
 Your intelligence was 7 (limit:18).
 Your wisdom was 7 (peak:8, limit:18).
 Your charisma was 7 (limit:18).

Final Status:
 You died from food poisoning.
 You weren't hungry.
 You were burdened; movement was slightly slowed.
 You were wielding an axe.
 You had basic skill with axe.

Final Attributes:
 You were piously aligned.
 You were poison resistant.
 You were telepathic.
 You were protected.
 You were unlucky.
 Crom was angry with you.
 You are dead.

Miscellaneous:
 You encountered 1 bones level.
 Total elapsed playing time was 2 hours, 36 minutes and 17 seconds.

Major events:
 Turn
    1: Barrb the neutral female human Barbarian entered the dungeon
  569: attained the rank of Pillager (level 3)
 2680: entered the Gnomish Mines
 4558: attained the rank of Bandit (level 6)
 5654: poisoned by a rotted dwarf corpse, while sleeping

You didn't know any spells.

Skills:
 Fighting Skills
   bare handed combat [Basic]
   two weapon combat  [Unskilled]
   riding             [Unskilled]
 Weapon Skills
   dagger             [Unskilled]
   axe                [Basic]
   pick-axe           [Unskilled]
   short sword        [Unskilled]
   broadsword         [Unskilled]
   long sword         [Unskilled]
   two-handed sword   [Basic]
   saber              [Unskilled]
   club               [Unskilled]
   mace               [Unskilled]
   morning star       [Unskilled]
   flail              [Unskilled]
   hammer             [Unskilled]
   quarterstaff       [Unskilled]
   spear              [Unskilled]
   trident            [Unskilled]
   bow                [Unskilled]
 Spellcasting Skills
   attack spells      [Unskilled]
   escape spells      [Unskilled]

Voluntary challenges:
 Character rerolling was not enabled.
 You never genocided any monsters.
 You never polymorphed an object.
 You never changed form.
 You used no wishes.
Achievements:
 You attained the rank of Pillager.
 You entered a shop.
 You entered the Gnomish Mines.
 You attained the rank of Bandit.

 The Dungeons of Doom: levels 1 to 6
    Level 1:
       A fountain.
    Level 2:
       An armor shop, a fountain.
    Level 3:
       Some fountains.
       Stairs down to The Gnomish Mines.
    Level 4:
       A general store, a fountain.
    Level 5:
       A sink.
    Level 6:
       A ring shop, a fountain, a grave.
       Final resting place for
          mwm11235-Wiz-Hum-Mal-Neu, killed by a gas spore's explosion.
 The Gnomish Mines:
    Level 4: <- You were here.
       Final resting place for
          you, poisoned by a rotted dwarf corpse, while sleeping.


Vanquished creatures:
  a ghost
  a small mimic
  a leprechaun
  a housecat
  2 human zombies
  a fire ant
  2 water nymphs
  a mountain nymph
  a rock piercer
  a rock mole
  a pony
  a violet fungus
  a gnome leader
  a gray ooze
  a ghoul
  a paper golem
  3 giant ants
  a little dog
  4 floating eyes
  a kitten
  2 dwarves
  a homunculus
  a kobold leader
  2 rothes
  2 rabid rats
  2 giant bats
  2 wererats
  3 iguanas
 an acid blob
  4 coyotes
  3 hobbits
  a hobgoblin
  6 giant rats
  3 cave spiders
  2 yellow molds
  a green mold
  a red mold
  8 gnomes
  3 garter snakes
  a gecko
 13 jackals
  a kobold
  2 goblins
  4 sewer rats
  7 grid bugs
  3 bats
  3 lichens
  3 kobold zombies
  7 newts
119 creatures vanquished.

No species were genocided or became extinct.

Game over:
                       ----------
                      /          \
                     /    REST    \
                    /      IN      \
                   /     PEACE      \
                  /                  \
                  |      Barrb       |
                  |      742 Au      |
                  |  poisoned by a   |
                  |   rotted dwarf   |
                  |      corpse      |
                  |                  |
                  |       2026       |
                 *|     *  *  *      | *
        _________)/\\_//(\/(/\)/\//\/|_)_______

Goodbye Barrb the Barbarian...

You were poisoned in The Gnomish Mines on dungeon level 4 with 3326 points,
and 742 pieces of gold, after 5654 moves.
You were level 5 with a maximum of 55 hit points when you were poisoned.

